| TOP OF THE 1ST |
|
Biloxi Shuckers batting - Pitching for Tulsa Drillers : RHP Eddie Usrey
|
|
Pitching: RHP Eddie Usrey
|
|
|
Batting: RHB Akitada Nishizawa
|
0-0: Fly out, F6 (Line Drive, 6, EV 65.0 MPH)
|
|
Batting: LHB Alan Bianchard
|
0-0: Ball 1-0: Ball 2-0: Foul Ball, location: 2F 2-1: Foul Ball, location: 2F 2-2: Ball 3-2: Fly out, F6 (Popup, 6M, EV 55.0 MPH)
|
|
Batting: LHB Mike Staley
|
0-0: Ball 1-0: Ground out 6-3 (Groundball, 6, EV 94.4 MPH)
|
| Top of the 1st over - 0 runs, 0 hits, 0 errors, 0 left on base; Biloxi 0 - Tulsa 0 |
| BOTTOM OF THE 1ST |
|
Tulsa Drillers batting - Pitching for Biloxi Shuckers : RHP Johnathan Starr
|
|
Pitching: RHP Johnathan Starr
|
|
|
Batting: RHB Steve Haskins
|
0-0: Ball 1-0: Ball 2-0: Swinging Strike 2-1: Swinging Strike 2-2: Ball 3-2: Strikes out swinging
|
|
Batting: RHB Jesse White
|
0-0: Foul Ball, location: 2F 0-1: Foul Ball, location: 2F 0-2: Ground out 4-3 (Groundball, 4, EV 101.2 MPH)
|
|
Batting: LHB Nick McGraw
|
0-0: Called Strike 0-1: Foul Ball, location: 2F 0-2: Strikes out swinging
|
| Bottom of the 1st over - 0 runs, 0 hits, 0 errors, 0 left on base; Biloxi 0 - Tulsa 0 |
| TOP OF THE 2ND |
|
Biloxi Shuckers batting - Pitching for Tulsa Drillers : RHP Eddie Usrey
|
|
Batting: SHB Jamel Wright
|
0-0: Ball 1-0: Foul Ball, location: 2F 1-1: Foul Ball, location: 2F 1-2: Fly out, F7 (Flyball, 7D, EV 90.0 MPH)
|
|
Batting: RHB Mike Ball
|
0-0: SINGLE (Line Drive, 7S, EV 105.0 MPH)
|
|
Batting: RHB Eddie McCoy
|
0-0: Ball 1-0: SINGLE (Line Drive, 8LS, EV 105.6 MPH) Mike Ball to second
|
|
Batting: RHB Eric Sullivan
|
0-0: Ball 1-0: Ball 2-0: Ball 3-0: Base on Balls Mike Ball to third Eddie McCoy to second
|
|
Batting: RHB Matt Saunders
|
0-0: Swinging Strike 0-1: Ball 1-1: SINGLE (Groundball, 5S, EV 66.9 MPH) (infield hit) Mike Ball scores Eddie McCoy to third Eric Sullivan to second
|
|
Batting: RHB Jamie Youngs
|
0-0: Ball 1-0: Called Strike 1-1: SINGLE (Groundball, 6MD, EV 105.0 MPH) Eddie McCoy scores Eric Sullivan to third Matt Saunders to second Runner from 3rd tries for Home, SAFE, throw by CF to home
|
|
Batting: RHB Akitada Nishizawa
|
0-0: Foul Ball, location: 2F 0-1: Foul Ball, location: 2F 0-2: Fielders Choice at 2nd, 1-6 (Groundball, 34S, EV 60.6 MPH) Matt Saunders to third
|
|
Batting: LHB Alan Bianchard
|
0-0: Foul Ball, location: 2F 0-1: Ball 1-1: Called Strike 1-2: Ground out U3 (Groundball, 3, EV 80.6 MPH)
|
| Top of the 2nd over - 3 runs, 4 hits, 0 errors, 2 left on base; Biloxi 3 - Tulsa 0 |
| BOTTOM OF THE 2ND |
|
Tulsa Drillers batting - Pitching for Biloxi Shuckers : RHP Johnathan Starr
|
|
Batting: RHB Dave Cordero
|
0-0: SINGLE (Flyball, 6D, EV 83.8 MPH)
|
|
Batting: SHB Xavier Alaniz
|
0-0: Called Strike 0-1: Ball 1-1: Ball 2-1: Fly out, F9 (Flyball, 9D, EV 97.5 MPH)
|
|
Batting: LHB Miguel Medina
|
0-0: Ball 1-0: Ball 2-0: Called Strike 2-1: Foul Ball, location: 2F 2-2: Strikes out swinging
|
|
Batting: RHB Koen van Oort
|
0-0: SINGLE (Groundball, 56S, EV 67.5 MPH) (infield hit) Dave Cordero to second
|
|
Batting: RHB Billy Valadez
|
0-0: Foul Ball, location: 2F 0-1: Ball 1-1: Foul Ball, location: 2F 1-2: Ball Wild Pitch! Dave Cordero to third Koen van Oort to second 2-2: Foul Ball, location: 2F 2-2: Ground out 6-3 (Groundball, 6, EV 109.4 MPH)
|
| Bottom of the 2nd over - 0 runs, 2 hits, 0 errors, 2 left on base; Biloxi 3 - Tulsa 0 |
| TOP OF THE 3RD |
|
Biloxi Shuckers batting - Pitching for Tulsa Drillers : RHP Eddie Usrey
|
|
Batting: LHB Mike Staley
|
0-0: Ground out 1-3 (Groundball, 34S, EV 66.2 MPH)
|
|
Batting: SHB Jamel Wright
|
0-0: SINGLE (Line Drive, 89S, EV 105.6 MPH)
|
|
Batting: RHB Mike Ball
|
0-0: Ball Jamel Wright is caught stealing 2nd base 2-4 1-0: Ball 2-0: Called Strike 2-1: Ball 3-1: DOUBLE (Line Drive, 89D, EV 106.9 MPH)
|
|
Batting: RHB Eddie McCoy
|
0-0: Called Strike 0-1: Swinging Strike 0-2: Ball 1-2: DOUBLE (Line Drive, 78M, EV 103.1 MPH) Mike Ball scores
|
|
Batting: RHB Eric Sullivan
|
0-0: Ball 1-0: Ball 2-0: Ball 3-0: Base on Balls
|
|
Batting: RHB Matt Saunders
|
0-0: Fly out, F8 (Flyball, 89M, EV 90.0 MPH)
|
| Top of the 3rd over - 1 run, 3 hits, 0 errors, 2 left on base; Biloxi 4 - Tulsa 0 |
| BOTTOM OF THE 3RD |
|
Tulsa Drillers batting - Pitching for Biloxi Shuckers : RHP Johnathan Starr
|
|
Batting: RHB Dave Archibeque
|
0-0: Ball 1-0: Foul Ball, location: 2F 1-1: Ball 2-1: Foul Ball, location: 2F 2-2: Foul Ball, location: 2F 2-2: SOLO HOME RUN (Flyball, 7LD, EV 91.2 MPH), Distance : 351 ft
|
|
Batting: RHB Steve Haskins
|
0-0: Ball 1-0: Ball 2-0: Foul Ball, location: 2F 2-1: Ball 3-1: Foul Ball, location: 2F 3-2: Strikes out swinging
|
|
Batting: RHB Jesse White
|
0-0: Ground out 4-3 (Groundball, 4, EV 90.0 MPH)
|
|
Batting: LHB Nick McGraw
|
0-0: Ball 1-0: Ball 2-0: Ball 3-0: Called Strike 3-1: Foul Ball, location: 2F 3-2: Foul Ball, location: 2F 3-2: Base on Balls
|
|
Batting: RHB Dave Cordero
|
0-0: Ball 1-0: Fly out, F4 (Flyball, 34D, EV 89.4 MPH)
|
| Bottom of the 3rd over - 1 run, 1 hit, 0 errors, 1 left on base; Biloxi 4 - Tulsa 1 |
| TOP OF THE 4TH |
|
Biloxi Shuckers batting - Pitching for Tulsa Drillers : RHP Eddie Usrey
|
|
Batting: RHB Jamie Youngs
|
0-0: Fly out, F8 (Flyball, 8RD, EV 89.4 MPH)
|
|
Batting: RHB Akitada Nishizawa
|
0-0: Ball 1-0: Ball 2-0: Called Strike 2-1: Ball 3-1: DOUBLE (Flyball, 78XD, EV 106.9 MPH)
|
|
Batting: LHB Alan Bianchard
|
0-0: Ball 1-0: Ball 2-0: Foul Ball, location: 2F 2-1: Swinging Strike 2-2: Strikes out looking
|
|
Batting: LHB Mike Staley
|
0-0: Called Strike 0-1: Foul Ball, location: 2F 0-2: Ball 1-2: Foul Ball, location: 2F 1-2: Fly out, F9 (Flyball, 89M, EV 91.9 MPH)
|
| Top of the 4th over - 0 runs, 1 hit, 0 errors, 1 left on base; Biloxi 4 - Tulsa 1 |
| BOTTOM OF THE 4TH |
|
Tulsa Drillers batting - Pitching for Biloxi Shuckers : RHP Johnathan Starr
|
|
Batting: SHB Xavier Alaniz
|
0-0: Foul Ball, location: 2F 0-1: Ball 1-1: Fly out, F5 (Flyball, 5D, EV 93.8 MPH)
|
|
Batting: LHB Miguel Medina
|
0-0: SOLO HOME RUN (Flyball, 7D, EV 93.1 MPH), Distance : 366 ft
|
|
Batting: RHB Koen van Oort
|
0-0: Called Strike 0-1: Ball 1-1: Ball 2-1: Called Strike 2-2: Ball 3-2: Ground out 6-3 (Groundball, 6, EV 84.4 MPH)
|
|
Batting: RHB Billy Valadez
|
0-0: Ground out 5-3 (Groundball, 56, EV 80.6 MPH)
|
| Bottom of the 4th over - 1 run, 1 hit, 0 errors, 0 left on base; Biloxi 4 - Tulsa 2 |
| TOP OF THE 5TH |
|
Biloxi Shuckers batting - Pitching for Tulsa Drillers : RHP Eddie Usrey
|
|
Batting: SHB Jamel Wright
|
0-0: Called Strike 0-1: Swinging Strike 0-2: DOUBLE (Line Drive, 7LM, EV 108.1 MPH)
|
|
Batting: RHB Mike Ball
|
0-0: Ball 1-0: Called Strike 1-1: Ball 2-1: Reached on error, E8 (Flyball, 8LD, EV 88.8 MPH) Jamel Wright scores
|
|
Batting: RHB Eddie McCoy
|
0-0: Called Strike 0-1: Called Strike 0-2: Ball 1-2: Ball 2-2: Fly out, F9 (Flyball, 89D, EV 96.9 MPH) Runner from 2nd tags up, SAFE at 3rd, no throw by RF
|
|
Batting: RHB Eric Sullivan
|
0-0: Swinging Strike 0-1: Foul Ball, location: 2F 0-2: Ball 1-2: Strikes out swinging
|
|
Batting: RHB Matt Saunders
|
0-0: Ball 1-0: Swinging Strike 1-1: Ball 2-1: Swinging Strike 2-2: Ball 3-2: Strikes out swinging
|
| Top of the 5th over - 1 run, 1 hit, 1 error, 1 left on base; Biloxi 5 - Tulsa 2 |
| BOTTOM OF THE 5TH |
|
Tulsa Drillers batting - Pitching for Biloxi Shuckers : RHP Johnathan Starr
|
|
Batting: RHB Dave Archibeque
|
0-0: Called Strike 0-1: Called Strike 0-2: Ball 1-2: Foul Ball, location: 2F 1-2: Ball 2-2: Foul Ball, location: 2F 2-2: SINGLE (Popup, 34D, EV 56.9 MPH)
|
|
Batting: RHB Steve Haskins
|
0-0: Called Strike 0-1: Ball 1-1: Ball 2-1: Ball 3-1: Swinging Strike 3-2: SINGLE (Groundball, 56S, EV 98.8 MPH) Dave Archibeque to second
|
|
Batting: RHB Jesse White
|
0-0: Called Strike 0-1: Ball 1-1: Called Strike 1-2: Foul Ball, location: 2F 1-2: Foul Ball, location: 2F 1-2: Foul Ball, location: 2F 1-2: Foul Ball, location: 2F 1-2: Fielders Choice at 2nd, 4-6 (Groundball, 4S, EV 91.9 MPH) Dave Archibeque to third
|
|
Batting: LHB Nick McGraw
|
0-0: Swinging Strike 0-1: Ball 1-1: Ball 2-1: Swinging Strike 2-2: Strikes out looking
|
|
Batting: RHB Dave Cordero
|
0-0: Ball 1-0: Called Strike 1-1: Swinging Strike 1-2: Strikes out swinging
|
| Bottom of the 5th over - 0 runs, 2 hits, 0 errors, 2 left on base; Biloxi 5 - Tulsa 2 |
| TOP OF THE 6TH |
|
Biloxi Shuckers batting - Pitching for Tulsa Drillers : RHP Eddie Usrey
|
|
Pitching: RHP Jason Englert
|
|
|
Batting: RHB Jamie Youngs
|
0-0: Hit by Pitch
|
|
Batting: RHB Akitada Nishizawa
|
0-0: Called Strike 0-1: Ball 1-1: Ball 2-1: Called Strike 2-2: Strikes out swinging
|
|
Batting: LHB Alan Bianchard
|
0-0: Called Strike 0-1: Called Strike 0-2: Foul Ball, location: 2F 0-2: Strikes out looking
|
|
Batting: LHB Mike Staley
|
0-0: Foul Ball, location: 2F 0-1: Called Strike 0-2: Foul Ball, location: 2F 0-2: Reached on error, E5 (Groundball, 5, EV 101.9 MPH) Jamie Youngs to second
|
|
Batting: SHB Jamel Wright
|
0-0: Called Strike 0-1: Ball 1-1: Ground out 4-3 (Groundball, 34D, EV 103.1 MPH)
|
| Top of the 6th over - 0 runs, 0 hits, 1 error, 2 left on base; Biloxi 5 - Tulsa 2 |
| BOTTOM OF THE 6TH |
|
Tulsa Drillers batting - Pitching for Biloxi Shuckers : RHP Johnathan Starr
|
|
Pitching: RHP Austin Trzcinski
|
|
|
Batting: SHB Xavier Alaniz
|
0-0: Ball 1-0: Ball 2-0: Swinging Strike 2-1: SOLO HOME RUN (Flyball, 9D, EV 97.5 MPH), Distance : 351 ft
|
|
Batting: LHB Miguel Medina
|
0-0: Ball 1-0: Called Strike 1-1: Ball 2-1: Ball 3-1: Ground out 4-3 (Groundball, 34D, EV 106.2 MPH)
|
|
Batting: RHB Koen van Oort
|
0-0: Ground out 6-3 (Groundball, 6, EV 104.4 MPH)
|
|
Batting: RHB Billy Valadez
|
0-0: Foul Ball, location: 2F 0-1: Swinging Strike 0-2: Ball 1-2: Ball 2-2: Fly out, F8 (Flyball, 8RM, EV 91.9 MPH)
|
| Bottom of the 6th over - 1 run, 1 hit, 0 errors, 0 left on base; Biloxi 5 - Tulsa 3 |
| TOP OF THE 7TH |
|
Biloxi Shuckers batting - Pitching for Tulsa Drillers : RHP Jason Englert
|
|
Pitching: RHP Nate Allen
|
|
|
Batting: RHB Mike Ball
|
0-0: Called Strike 0-1: Ball 1-1: Swinging Strike 1-2: Strikes out swinging
|
|
Batting: RHB Eddie McCoy
|
0-0: Swinging Strike 0-1: Foul Ball, location: 2F 0-2: Ball 1-2: Foul Ball, location: 2F 1-2: Strikes out swinging
|
|
Batting: RHB Eric Sullivan
|
0-0: Foul Ball, location: 2F 0-1: Ball 1-1: SINGLE (Flyball, 8RS, EV 88.8 MPH) - OUT at second base trying to stretch hit.
|
| Top of the 7th over - 0 runs, 1 hit, 0 errors, 0 left on base; Biloxi 5 - Tulsa 3 |
| BOTTOM OF THE 7TH |
|
Tulsa Drillers batting - Pitching for Biloxi Shuckers : RHP Austin Trzcinski
|
|
Batting: RHB Dave Archibeque
|
0-0: Ball 1-0: Ball 2-0: Ground out 6-3 (Groundball, 6, EV 85.0 MPH)
|
|
Batting: RHB Steve Haskins
|
0-0: Called Strike 0-1: Called Strike 0-2: Ball 1-2: Ground out U3 (Groundball, 3S, EV 86.9 MPH)
|
|
Batting: RHB Jesse White
|
0-0: Called Strike 0-1: Ball 1-1: Ground out 6-3 (Groundball, 56, EV 92.5 MPH)
|
| Bottom of the 7th over - 0 runs, 0 hits, 0 errors, 0 left on base; Biloxi 5 - Tulsa 3 |
| TOP OF THE 8TH |
|
Biloxi Shuckers batting - Pitching for Tulsa Drillers : RHP Nate Allen
|
|
Pitching: RHP Juan Isidro
|
|
|
Batting: RHB Matt Saunders
|
0-0: Called Strike 0-1: Foul Ball, location: 2F 0-2: Ball 1-2: Ball 2-2: Ball 3-2: Strikes out looking
|
|
Batting: RHB Jamie Youngs
|
0-0: Called Strike 0-1: Called Strike 0-2: Fly out, F8 (Flyball, 8LXD, EV 105.0 MPH)
|
|
Batting: RHB Akitada Nishizawa
|
0-0: Called Strike 0-1: Foul Ball, location: 2F 0-2: Fly out, F4 (Popup, 34S, EV 90.6 MPH)
|
| Top of the 8th over - 0 runs, 0 hits, 0 errors, 0 left on base; Biloxi 5 - Tulsa 3 |
| BOTTOM OF THE 8TH |
|
Tulsa Drillers batting - Pitching for Biloxi Shuckers : RHP Austin Trzcinski
|
|
Batting: LHB Nick McGraw
|
0-0: Ground out 5-3 (Groundball, 56S, EV 65.6 MPH)
|
|
Batting: RHB Dave Cordero
|
0-0: Called Strike 0-1: Swinging Strike 0-2: Ground out 5-3 (Groundball, 5D, EV 99.4 MPH)
|
|
Batting: SHB Xavier Alaniz
|
0-0: Called Strike 0-1: Foul Ball, location: 2F 0-2: Foul Ball, location: 2F 0-2: Ball 1-2: SOLO HOME RUN (Flyball, 9D, EV 95.6 MPH), Distance : 345 ft
|
|
Batting: LHB Miguel Medina
|
0-0: SINGLE (Groundball, 3D, EV 103.1 MPH)
|
|
Pitching: LHP Nate Tate
|
|
|
Batting: RHB Koen van Oort
|
0-0: Called Strike 0-1: Foul Ball, location: 2F 0-2: Ball 1-2: Foul Ball, location: 2F 1-2: Ball 2-2: Ball 3-2: SINGLE (Line Drive, 7S, EV 89.4 MPH) Miguel Medina to second Miguel Medina to third
|
|
Batting: RHB Billy Valadez
|
0-0: Fly out, F8 (Flyball, 8RM, EV 89.4 MPH)
|
| Bottom of the 8th over - 1 run, 3 hits, 0 errors, 2 left on base; Biloxi 5 - Tulsa 4 |
| TOP OF THE 9TH |
|
Biloxi Shuckers batting - Pitching for Tulsa Drillers : RHP Juan Isidro
|
|
Pitching: RHP Juan Perez
|
|
|
Batting: LHB Alan Bianchard
|
0-0: Fly out, F9 (Flyball, 89M, EV 95.0 MPH)
|
|
Batting: LHB Mike Staley
|
0-0: Ball 1-0: Foul Ball, location: 2F 1-1: Fly out, F6 (Popup, 6, EV 74.4 MPH)
|
|
Batting: SHB Jamel Wright
|
0-0: Foul Ball, location: 2F 0-1: Foul Ball, location: 2F 0-2: Foul Ball, location: 2F 0-2: Foul Ball, location: 2F 0-2: Foul Ball, location: 2F 0-2: Ball 1-2: Foul Ball, location: 2F 1-2: Ground out 6-3 (Groundball, 6M, EV 86.2 MPH)
|
| Top of the 9th over - 0 runs, 0 hits, 0 errors, 0 left on base; Biloxi 5 - Tulsa 4 |
| BOTTOM OF THE 9TH |
|
Tulsa Drillers batting - Pitching for Biloxi Shuckers : LHP Nate Tate
|
|
Pitching: RHP Nick Butler
|
|
|
Pinch Hitting: LHB Kevin Wiebe
|
0-0: Hit by Pitch
|
|
Batting: RHB Steve Haskins
|
0-0: Bunt missed! 0-1: Ball 1-1: Bunted foul 1-2: Strikes out swinging
|
|
Batting: RHB Jesse White
|
0-0: Called Strike 0-1: Ball 1-1: Ball 2-1: Foul Ball, location: 2F 2-2: Ball 3-2: Strikes out swinging
|
|
Batting: LHB Nick McGraw
|
0-0: Ball 1-0: Called Strike 1-1: Ball 2-1: Ball 3-1: Foul Ball, location: 2F 3-2: Fly out, F7 (Flyball, 78XD, EV 85.0 MPH)
|
| Bottom of the 9th over - 0 runs, 0 hits, 0 errors, 1 left on base; Biloxi 5 - Tulsa 4 |
|